 Dungeon Sprint DCSS version 0.20-a0-40-gb6e7b4f (webtiles) character file.

10187 esc the Eclecticist (level 11, -3/109 HPs)
             Began as a Deep Elf Fire Elementalist on Nov 12, 2016.
             Was the Champion of Vehumet.
             Slain by a demonic crawler (9 damage)
             ... in the Dungeon (Sprint I: "Red Sonja").
             The game lasted 00:14:33 (2050 turns).

esc the Eclecticist (Deep Elf Fire Elementalist)    Turns: 2050, Time: 00:14:35

Health: -3/109     AC:  5    Str:  6    XL:     11   Next: 32%
Magic:  11/23      EV: 19    Int: 32    God:    Vehumet [******]
Gold:   292        SH:  4    Dex: 13    Spells: 3 memorised, 26 levels left

rFire  . . .     SeeInvis .     c - +1 whip (drain)
rCold  . . .     Gourm    .     p - +0 troll leather armour {regen}
rNeg   . . .     Faith    .     s - -1 buckler (curse)
rPois  .         Spirit   .     (no helmet)
rElec  .         Reflect  .     (no cloak)
rCorr  .         Harm     .     r - +1 pair of gloves
MR     +....     Rnd*Rage +     (no boots)
Stlth  .......... NoTele   +    y - amulet of regeneration {+regen, !d}
                                z - ring of wizardry {Wiz+, !d}
                                q - +6 ring of intelligence

@: berserking, very quick
A: berserk 1, blurry vision 1, clever 1, clumsy 1, deformed body, deterioration
1, low mp 3, regeneration 1, screaming 3, weak 2, no device heal 1, MP-powered
wands
a: Renounce Religion


You were in the Dungeon.
You worshipped Vehumet.
Vehumet was exalted by your worship.
You were not hungry.

You visited 1 branch You collected 1422 gold pieces.
You spent 1130 gold pieces at shops.

Inventory:

Hand Weapons
 c - a +1 whip of draining (weapon)
   (You found it in the Dungeon)
 k - a +0 scythe
   (You took it off Sigmund in the Dungeon)
 m - a +0 blowgun
   (You took it off Sonja in the Dungeon)
Missiles
 n - 8 curare-tipped needles
Armour
 a - a +0 robe
 p - a +0 troll leather armour (worn) {regen}
   (You found it in the Dungeon)
 r - a +1 pair of gloves (worn)
   (You bought it in a shop in the Dungeon)
 s - a cursed -1 buckler (worn)
   (You bought it in a shop in the Dungeon)
Jewellery
 q - a +6 ring of intelligence (left hand)
   (You found it in the Dungeon)
 y - an amulet of regeneration (around neck) {+regen, !d}
   (You bought it in a shop in the Dungeon)
 z - a ring of wizardry (right hand) {Wiz+, !d}
   (You bought it in a shop in the Dungeon)
Wands
 l - a wand of polymorph (7/24)
   (You took it off Sigmund in the Dungeon)
 u - a wand of slowing (25/48)
   (You found it in the Dungeon)
Scrolls
 i - a scroll of blinking {!r}
Potions
 d - 3 potions of curing
 g - 2 potions of magic
 t - a potion of resistance
Books
 b - a book of Flames
 v - a book of Transfigurations
   (You found it in the Dungeon)
Comestibles
 o - 2 bread rations {@e1}


   Skills:
 + Level 10.3 Fighting
 + Level 5.4 Armour
 + Level 14.1 Dodging
 - Level 2.4 Stealth
 + Level 4.8 Shields
 + Level 15.3 Spellcasting
 + Level 13.0 Conjurations
 + Level 13.4 Fire Magic


You had 26 spell levels left.
You knew the following spells:

 Your Spells              Type           Power        Failure   Level  Hunger
f - Fireball              Conj/Fire      #######...   1%          5    None
s - Sticky Flame          Conj/Fire      #######.     1%          4    None
z - Iskenderun's Battles  Conj/Chrm      ######..     1%          5    None


Dungeon Overview and Level Annotations

Branches:
Dungeon (1/1)

Altars:
Cheibriados
Dithmenos
Elyvilon
Fedhas
Gozag
Hepliaklqana
Kikubaaqudgha
Makhleb
Nemelex Xobeh
Okawaru
Qazlal
Ru
Sif Muna
Trog
Uskayaw
Vehumet
Xom
Yredelemnul
Zin
The Shining One
Jiyva
Lugonu

Shops:
D [:((*=%(*:}%=}(%(:[[}


Innate Abilities, Weirdness & Mutations

You tend to lose your temper in combat.
Scrolls take you a little longer to read.
Your mind is acute. (Int +2)
You are clumsy. (Dex -2)
Armour fits poorly on your strangely shaped body.
Your body sometimes deteriorates upon taking damage.
Your magical capacity is extremely low. (-30% MP)
Your natural rate of healing is unusually fast.
You frequently scream uncontrollably at your foes.
You are very weak. (Str -4)
Potions and wands are less effective at restoring your health.
You expend magic power (3 MP) to strengthen your wands.


Message History

There is a huge open gate here.
As you close the huge gate, it creaks loudly!
You start resting.
Your extra speed is starting to run out.
You regained 11 hp, and now have 55/73 hp.
You start resting.
You feel yourself slow down.
You regained 6 hp, and now have 61/73 hp.
You start resting.
Your magical contamination has completely faded away.
Health restored: 73 You regained 8 mp, and now have 19/23 mp.
Unknown command.
You start resting.
MP restored: 23 You open the huge gate.
Okay, then.
Unknown command.
You conjure a globe of magical energy.
The demonic crawler gives a hideous shriek! x2
You now have 18/23 mp.
Aim: a demonic crawler The sticky flame hits the demonic crawler.
The demonic crawler resists.
The demonic crawler is covered in liquid flames!
The demonic crawler burns!
Your battlesphere fires!
The barrage of energy hits the demonic crawler.
The demonic crawler closely misses you. x2; The demonic crawler hits you.
The demonic crawler closely misses you. The demonic crawler hits you!
The demonic crawler barely misses you.
You take 11 damage, and have 62/73 hp.
You now have 14/23 mp.
Okay, then.
The demonic crawler burns!
The demonic crawler burns!
You regained 2 hp, and now have 65/73 hp.
Aim: a demonic crawler (moderately wounded, covered in liquid flames)
The sticky flame hits the demonic crawler.
The demonic crawler appears unharmed.
The demonic crawler is covered in liquid flames!
The demonic crawler burns!
Your battlesphere fires!
The barrage of energy hits the demonic crawler.
The demonic crawler hits you!
The demonic crawler hits you but does no damage.
You block the demonic crawler's attack. x2
The demonic crawler closely misses you. You block the demonic crawler's attack.
The demonic crawler closely misses you. The demonic crawler hits you!
The demonic crawler hits you but does no damage.
You take 17 damage, and have 48/73 hp.
MASSIVE DAMAGE!!
You now have 10/23 mp.
Aim: a demonic crawler (heavily wounded, covered in liquid flames)
Okay, then.
Your system partially rejects the healing.
You feel much better.
The demonic crawler burns!
The demonic crawler hits you! x3
The demonic crawler hits you. x2; The demonic crawler closely misses you.
The demonic crawler hits your battlesphere! x2
The demonic crawler hits your battlesphere.
You take 22 damage, and have 26/73 hp.
MASSIVE DAMAGE!!
Really quaff
h - a potion of berserk rage {!q}?
A red film seems to cover your vision as you go berserk!
You feel yourself moving faster!
You feel mighty!
The demonic crawler burns!
The demonic crawler hits you.
The demonic crawler hits you but does no damage.
The demonic crawler misses you.
The demonic crawler completely misses you.
The demonic crawler hits you!
* * * LOW HITPOINT WARNING * * *
The demonic crawler misses you.
The demonic crawler hits your battlesphere.
The demonic crawler hits your battlesphere!
Your battlesphere is destroyed!
The demonic crawler hits you.
* * * LOW HITPOINT WARNING * * *
The demonic crawler barely misses you.
The demonic crawler hits you but does no damage.
You now have 18/109 hp.
You hit the demonic crawler but do no damage.
The demonic crawler hits you but does no damage.
The demonic crawler hits you.
* * * LOW HITPOINT WARNING * * *
The demonic crawler closely misses you. The demonic crawler hits you.
* * * LOW HITPOINT WARNING * * *
The demonic crawler misses you. The demonic crawler barely misses you.
You take 4 damage, and have 14/109 hp.
You hit the demonic crawler but do no damage.
The demonic crawler burns!
You block the demonic crawler's attack. The demonic crawler barely misses you.
The demonic crawler hits you.
* * * LOW HITPOINT WARNING * * *
The demonic crawler barely misses you. x2
The demonic crawler closely misses you.
You hit the demonic crawler. The demonic crawler closely misses you.
The demonic crawler hits you.
* * * LOW HITPOINT WARNING * * *
The demonic crawler hits you!
* * * LOW HITPOINT WARNING * * *
The demonic crawler hits you!
You die...

#..#.....#.....#''.#####
#........#.....#....§§§§
#.....#..#######.%...§§#
#........##.)....%....≈#
#..#.....##..........≈≈#
#........###.......≈≈≈##
###'''§### ###..≈≈≈≈###
#∩....ss∩####'######+###
#.....s@.##∩∩########∩∩#
#∩......∩###∩∩∩∩∩∩∩∩∩∩##
########## ############


You could see 3 demonic crawlers.

Vanquished Creatures
  2 centaur warriors (D)
  Sonja (D)
  2 unseen horrors (D)
  A deep troll (D)
  8 shining eyes (D)
  An oklob plant (D)
  A demonic crawler (D)
  2 kobold demonologists (D)
  A hornet (D)
  A slime creature (D)
  Sigmund (D)
  2 redbacks (D)
  A yak (D)
  6 floating eyes (D)
  7 necrophages (D)
  An ogre (D)
  8 jellies (D)
  Ijyb (D)
  4 ballistomycetes (D)
51 creatures vanquished.

Vanquished Creatures (others)
  A gargoyle (D)
  2 ballistomycete spores (D)
3 creatures vanquished.

Grand Total: 54 creatures vanquished

Notes
Turn   | Place    | Note
-------+----------+-------------------------------------------
     0 | D        | esc the Deep Elf Fire Elementalist began the quest for the Orb.
     0 | D        | Reached XP level 1. HP: 10/10 MP: 6/6
     1 | D        | Noticed Ijyb
    16 | D        | HP: 2/10 [Ijyb (4)]
    18 | D        | Killed Ijyb
    18 | D        | Reached skill level 1 in Fighting
    18 | D        | Reached skill level 3 in Dodging
    18 | D        | Reached skill level 4 in Spellcasting
    18 | D        | Reached skill level 2 in Conjurations
    18 | D        | Reached skill level 4 in Fire Magic
    18 | D        | Reached XP level 2. HP: 4/17 MP: 0/9
   186 | D        | Killed a gargoyle
   272 | D        | Noticed an ogre
   276 | D        | Killed an ogre
   276 | D        | Reached skill level 3 in Fighting
   276 | D        | Reached skill level 5 in Dodging
   276 | D        | Reached skill level 6 in Spellcasting
   276 | D        | Reached skill level 4 in Conjurations
   276 | D        | Reached skill level 5 in Fire Magic
   276 | D        | Reached XP level 3. HP: 23/23 MP: 5/12
   276 | D        | Reached XP level 4. HP: 28/28 MP: 5/14
   293 | D        | Learned a level 4 spell: Sticky Flame
   338 | D        | Noticed Sigmund
   345 | D        | Killed Sigmund
   345 | D        | Reached skill level 4 in Fighting
   345 | D        | Reached skill level 7 in Dodging
   345 | D        | Reached skill level 7 in Spellcasting
   345 | D        | Reached skill level 6 in Conjurations
   345 | D        | Reached skill level 6 in Fire Magic
   345 | D        | Reached XP level 5. HP: 30/34 MP: 5/17
   345 | D        | Reached XP level 6. HP: 35/39 MP: 5/18
   421 | D        | Found a deep blue altar of Sif Muna.
   423 | D        | Found a radiant altar of Vehumet.
   426 | D        | Reached skill level 8 in Spellcasting
   426 | D        | Reached skill level 7 in Fire Magic
   439 | D        | Became a worshipper of Vehumet
   456 | D        | Found Gyekkyh's Weapon Emporium.
   456 | D        | Found an ancient bone altar of Kikubaaqudgha.
   456 | D        | Found a hazy altar of Hepliaklqana.
   456 | D        | Found a stormy altar of Qazlal.
   456 | D        | Found a hide-covered altar of Uskayaw.
   456 | D        | Found a blossoming altar of Fedhas.
   456 | D        | Found a bloodstained altar of Trog.
   456 | D        | Found an iron altar of Okawaru.
   456 | D        | Found a basalt altar of Yredelemnul.
   456 | D        | Found a glowing golden altar of the Shining One.
   456 | D        | Found a snail-covered altar of Cheibriados.
   456 | D        | Found a sacrificial altar of Ru.
   456 | D        | Found a glowing silver altar of Zin.
   456 | D        | Found a shadowy altar of Dithmenos.
   456 | D        | Found a white marble altar of Elyvilon.
   456 | D        | Noticed a yak
   466 | D        | Killed a yak
   466 | D        | Reached skill level 5 in Fighting
   466 | D        | Reached skill level 8 in Dodging
   466 | D        | Reached skill level 9 in Spellcasting
   466 | D        | Reached skill level 7 in Conjurations
   477 | D        | Found an opulent altar of Gozag.
   478 | D        | Found a sparkling altar of Nemelex Xobeh.
   495 | D        | Learned a level 5 spell: Fireball
   499 | D        | Found a burning altar of Makhleb.
   499 | D        | Found a viscous altar of Jiyva.
   499 | D        | Found a shimmering altar of Xom.
   499 | D        | Found a corrupted altar of Lugonu.
   499 | D        | Noticed a slime creature
   503 | D        | Killed a slime creature
   503 | D        | Reached skill level 8 in Fire Magic
   503 | D        | Reached XP level 7. HP: 45/45 MP: 6/22
   589 | D        | Noticed Sonja
   592 | D        | Killed Sonja
   592 | D        | Reached * piety under Vehumet
   592 | D        | Offered knowledge of Sting by Vehumet.
   592 | D        | Reached skill level 6 in Fighting
   592 | D        | Reached skill level 10 in Dodging
   592 | D        | Reached skill level 10 in Spellcasting
   592 | D        | Reached skill level 8 in Conjurations
   592 | D        | Reached skill level 9 in Fire Magic
   592 | D        | Reached XP level 8. HP: 52/52 MP: 7/24
   682 | D        | Noticed a deep troll
   691 | D        | Killed a deep troll
   691 | D        | Reached skill level 7 in Fighting
   691 | D        | Reached skill level 11 in Spellcasting
   691 | D        | Reached skill level 9 in Conjurations
   691 | D        | Reached skill level 10 in Fire Magic
   719 | D        | Found Selamiyll's Armour Emporium.
   726 | D        | Bought a +1 pair of gloves for 149 gold pieces
   762 | D        | Noticed a kobold demonologist
   763 | D        | Noticed a kobold demonologist
   764 | D        | Killed a kobold demonologist
   764 | D        | Reached ** piety under Vehumet
   764 | D        | Reached skill level 1 in Armour
   764 | D        | Reached skill level 11 in Dodging
   764 | D        | Reached skill level 12 in Spellcasting
   764 | D        | Reached XP level 9. HP: 57/57 MP: 17/27
   764 | D        | Killed a kobold demonologist
   764 | D        | Reached skill level 2 in Armour
   764 | D        | Reached skill level 10 in Conjurations
   891 | D        | Found Qemuh's Antique Armour Boutique.
   899 | D        | Bought a runed buckler for 241 gold pieces
   928 | D        | Noticed a centaur warrior
   929 | D        | Noticed a centaur warrior
   929 | D        | Killed a centaur warrior
   929 | D        | Offered knowledge of Sandblast by Vehumet.
   929 | D        | Reached skill level 8 in Fighting
   929 | D        | Reached skill level 11 in Fire Magic
   929 | D        | Killed a centaur warrior
   929 | D        | Reached skill level 12 in Dodging
   929 | D        | Reached skill level 13 in Spellcasting
   929 | D        | Reached skill level 11 in Conjurations
   984 | D        | Reached *** piety under Vehumet
  1006 | D        | Noticed an oklob plant
  1030 | D        | HP: 10/60 [acid (14)]
  1033 | D        | Killed an oklob plant
  1033 | D        | Reached skill level 9 in Fighting
  1033 | D        | Reached XP level 10. HP: 13/66 MP: 29/29
  1134 | D        | Offered knowledge of Ignite Poison by Vehumet.
  1134 | D        | Reached skill level 12 in Fire Magic
  1340 | D        | Noticed an unseen horror
  1342 | D        | Noticed an unseen horror
  1345 | D        | Killed an unseen horror
  1345 | D        | Offered knowledge of Olgreb's Toxic Radiance by Vehumet.
  1345 | D        | Reached **** piety under Vehumet
  1345 | D        | Reached skill level 1 in Shields
  1345 | D        | Reached skill level 14 in Spellcasting
  1349 | D        | Killed an unseen horror
  1349 | D        | Reached skill level 3 in Armour
  1349 | D        | Reached skill level 13 in Dodging
  1391 | D        | Reached skill level 2 in Shields
  1397 | D        | Reached skill level 12 in Conjurations
  1429 | D        | Reached ***** piety under Vehumet
  1458 | D        | Offered knowledge of Iskenderun's Battlesphere by Vehumet.
  1458 | D        | Reached ****** piety under Vehumet
  1465 | D        | Learned a level 5 spell: Iskenderun's Battlesphere
  1524 | D        | Offered knowledge of Poison Arrow by Vehumet.
  1550 | D        | Found Textiski's Weapon Shoppe.
  1550 | D        | Found Xefot's Food Shop.
  1550 | D        | Found Ujum's Assorted Antiques.
  1561 | D        | Found Lenic's Book Emporium.
  1561 | D        | Found Giruin's Gadget Shop.
  1561 | D        | Found Wulemev's Food Shoppe.
  1561 | D        | Found Epinwaib's Jewellery Boutique.
  1561 | D        | Found Zexuner's Gadget Emporium.
  1561 | D        | Found Vaap's Weapon Shop.
  1561 | D        | Found Nuvoon's Food Shoppe.
  1565 | D        | Bought a bread ration for 70 gold pieces
  1565 | D        | Bought a bread ration for 70 gold pieces
  1567 | D        | Found Meir's Weapon Boutique.
  1568 | D        | Found Dymm's Antique Armour Emporium.
  1568 | D        | Found Siah's Book Boutique.
  1569 | D        | Found Fucw's Gadget Emporium.
  1587 | D        | Bought an uncursed amulet of regeneration for 300 gold pieces
  1587 | D        | Bought an uncursed ring of wizardry for 300 gold pieces
  1631 | D        | Noticed a shining eye
  1631 | D        | Noticed a shining eye
  1631 | D        | Noticed a shining eye
  1631 | D        | Paralysed by a floating eye for 4 turns
  1637 | D        | Paralysed by a floating eye for 2 turns
  1642 | D        | Reached skill level 3 in Shields
  1642 | D        | Paralysed by a floating eye for 2 turns
  1647 | D        | Gained mutation: You occasionally shout uncontrollably at your foes. [a shining eye]
  1651 | D        | Gained mutation: You expend magic power (3 MP) to strengthen your wands. [a shining eye]
  1652 | D        | Killed a shining eye
  1652 | D        | Reached skill level 4 in Armour
  1655 | D        | Paralysed by a floating eye for 4 turns
  1660 | D        | Gained mutation: Armour fits poorly on your strangely shaped body. [a shining eye]
  1660 | D        | Gained mutation: Your magical capacity is low. (-10% MP) [a shining eye]
  1661 | D        | Gained mutation: Your body sometimes deteriorates upon taking damage. [a shining eye]
  1663 | D        | Noticed a shining eye
  1666 | D        | Killed a shining eye
  1668 | D        | Noticed a shining eye
  1671 | D        | Noticed a shining eye
  1673 | D        | Gained mutation: You are weak. (Str -2) [a shining eye]
  1674 | D        | Gained mutation: Scrolls take you a little longer to read. [a shining eye]
  1676 | D        | Killed a shining eye
  1676 | D        | Reached skill level 10 in Fighting
  1676 | D        | Reached skill level 13 in Fire Magic
  1676 | D        | Reached XP level 11. HP: 72/72 MP: 15/28
  1679 | D        | Gained mutation: Your natural rate of healing is unusually fast. [a shining eye]
  1680 | D        | Killed a shining eye
  1680 | D        | Reached skill level 4 in Shields
  1681 | D        | Noticed a shining eye
  1687 | D        | Killed a shining eye
  1687 | D        | Offered knowledge of Iskenderun's Mystic Blast by Vehumet.
  1692 | D        | Gained mutation: Your magical capacity is very low. (-20% MP) [a shining eye]
  1693 | D        | Noticed a shining eye
  1695 | D        | Killed a shining eye
  1695 | D        | Reached skill level 5 in Armour
  1695 | D        | Reached skill level 15 in Spellcasting
  1695 | D        | Paralysed by a floating eye for 4 turns
  1698 | D        | Gained mutation: Your mind is acute. (Int +2) [a shining eye]
  1701 | D        | Gained mutation: Your magical capacity is extremely low. (-30% MP) [a shining eye]
  1701 | D        | Paralysed by a floating eye for 4 turns
  1702 | D        | Gained mutation: You sometimes yell uncontrollably at your foes. [a shining eye]
  1704 | D        | Gained mutation: You frequently scream uncontrollably at your foes. [a shining eye]
  1707 | D        | Paralysed by a floating eye for 3 turns
  1709 | D        | Gained mutation: You tend to lose your temper in combat. [a shining eye]
  1713 | D        | Paralysed by a floating eye for 3 turns
  1717 | D        | Killed a shining eye
  1717 | D        | Reached skill level 14 in Dodging
  1721 | D        | Gained mutation: You are clumsy. (Dex -2) [a shining eye]
  1727 | D        | Gained mutation: You are very weak. (Str -4) [a shining eye]
  1728 | D        | Gained mutation: Potions and wands are less effective at restoring your health. [a shining eye]
  1729 | D        | Killed a shining eye
  1838 | D        | Found Nybos's Assorted Antiques.
  1838 | D        | Found Xoanaup's Book Shoppe.
  1838 | D        | Found Tarer's Jewellery Boutique.
  1838 | D        | Found Teseh's Antique Weapon Emporium.
  1928 | D        | HP: 18/73 [demonic crawler (8)]
  1946 | D        | Reached skill level 13 in Conjurations
  2047 | D        | HP: 24/109 [demonic crawler (10)]
  2050 | D        | HP: 6/109 [demonic crawler (8)]
  2050 | D        | Slain by a demonic crawler

Vault maps used:
D:        dungeon_sprint_1

Skill      XL: |  1  2  3  4  5  6  7  8  9 10 11 |
---------------+----------------------------------+-----
Fighting       | 1 3 4 5 6 7 9 10 | 10.3
Dodging        | 3 5 7 8 10 11 12 13 14 | 14.1
Spellcasting   | 4 6 7 9 10 12 13 14 15 | 15.3
Conjurations   | 2 4 6 7 8 9 11 12 13 | 13.0
Fire Magic     | 4 5 6 8 9 10 11 13 | 13.4
Armour         | 1 2 4 5 |  5.4
Shields        | 3 4 |  4.8
Stealth        | |  2.4

Action                   |  1- 3 |  4- 6 |  7- 9 | 10-12 || total
-------------------------+-------+-------+-------+-------++-------
Melee: Unarmed           |    10 |       |       |       ||    10
       Short sword       |       |       |    37 |     9 ||    46
       Whip              |       |       |       |    65 ||    65
 Fire: Blowgun           |       |       |     2 |       ||     2
 Cast: Flame Tongue      |     8 |    10 |     2 |    16 ||    36
       Fireball          |       |     2 |     6 |     7 ||    15
       Sticky Flame      |       |     2 |     4 |    25 ||    31
       Iskenderun's Batt |       |       |       |     2 ||     2
  Use: Scroll            |       |       |     1 |     3 ||     4
       Potion            |       |       |       |     5 ||     5
 Stab: Sleeping          |       |       |       |     1 ||     1
  Eat: Chunk             |       |       |     2 |       ||     2
       Bread ration      |       |       |       |     1 ||     1
Armor: Robe              |     2 |       |       |       ||     2
       Troll leather arm |       |       |       |     7 ||     7
Dodge: Dodged            |     8 |     4 |     7 |    41 ||    60
Block: Buckler           |       |       |       |     9 ||     9

Vault maps used:
D:        dungeon_sprint_1

Table legend:
 A = Turns spent in this place as a percentage of turns spent in the entire game.
 B = Non-inter-level travel turns spent in this place as a percentage of non-inter-level travel turns spent in the entire game.
 C = Inter-level travel turns spent in this place as a percentage of turns spent in this place.
 D = Turns resting spent in this place as a percentage of non-inter-level travel turns spent in this place.
 E = Turns spent auto-exploring this place as a percentage of non-inter-level travel turns spent in this place.
 F = Non-inter-level travel turns spent in this place divided by the number of levels of this place that you've seen.
                   A       B       C       D       E      F
               +-------+-------+-------+-------+-------+----------------------
         Total | 100.0 | 100.0 |   0.1 |   4.9 |   0.0 | 968.0
       Dungeon | 100.0 | 100.0 |   0.1 |   4.9 |   0.0 | 968.0
               +-------+-------+-------+-------+-------+----------------------

Table legend:
 A = Kills in this place as a percentage of kills in entire the game.
 B = Kills by you in this place as a percentage of kills by you in the entire game.
 C = Kills by friends in this place as a percentage of kills by friends in the entire game.
 D = Other kills in this place as a percentage of other kills in the entire game.
 E = Experience gained in this place as a percentage of experience gained in the entire game.
 F = Experience gained in this place divided by the number of levels of this place that you have seen.
                   A       B       C       D       E      F
               +-------+-------+-------+-------+-------+----------------------
         Total | 100.0 | 100.0 |  -nan |  -nan | 100.0 | 14553.0
       Dungeon | 100.0 | 100.0 |  -nan |  -nan | 100.0 | 14553.0
               +-------+-------+-------+-------+-------+----------------------
